FSL
ST. LUCIE METS @ CHARLOTTE STONE CRABS
09/10/2099
 
TOP OF THE 1ST
St. Lucie Mets batting - Pitching for Charlotte Stone Crabs : RHP Tim Demaree
Pitching: RHP Tim Demaree
Batting: SHB Martin Fornes 0-0: Ball
1-0: Swinging Strike
1-1: SINGLE (Groundball, 34D, EV 96.9 MPH)
Batting: LHB Victor Vargas 0-0: Swinging Strike
0-1: Swinging Strike
0-2: Grounds into double play, 4-6-3 (Groundball, 4, EV 99.4 MPH)
Batting: LHB Josh Wiley 0-0: Fly out, F9 (Line Drive, 9S, EV 95.6 MPH)
Top of the 1st over - 0 runs, 1 hit, 0 errors, 0 left on base; St. Lucie 0 - Charlotte 0
BOTTOM OF THE 1ST
Charlotte Stone Crabs batting - Pitching for St. Lucie Mets : RHP Chris Heining
Pitching: RHP Chris Heining
Batting: SHB John Christopher 0-0: Called Strike
0-1: Ball
1-1: Ball
2-1: Ball
3-1: Swinging Strike
3-2: Fly out, F8 (Flyball, 89M, EV 92.5 MPH)
Batting: RHB Isaiah Qualls 0-0: Called Strike
0-1: Swinging Strike
0-2: Ground out 5-3 (Groundball, 5, EV 107.5 MPH)
Batting: LHB Bryan Souder 0-0: Foul Ball, location: 7LMF
0-1: Ball
1-1: Foul Ball, location: 23F
1-2: Fly out, F8 (Flyball, 8RD, EV 98.1 MPH)
Bottom of the 1st over - 0 runs, 0 hits, 0 errors, 0 left on base; St. Lucie 0 - Charlotte 0
TOP OF THE 2ND
St. Lucie Mets batting - Pitching for Charlotte Stone Crabs : RHP Tim Demaree
Batting: RHB Ethan Robinson 0-0: Called Strike
0-1: Ball
1-1: Ball
2-1: Foul Ball, location: 2F
2-2: Foul Ball, location: 3F
2-2: Foul Ball, location: 23F
2-2: Ball
3-2: Foul Ball, location: 2F
3-2: Strikes out looking
Batting: LHB Jon Chavez 0-0: Called Strike
0-1: Called Strike
0-2: Ball
1-2: SINGLE (Line Drive, 8RS, EV 105.6 MPH)
Batting: RHB Joel Lawrence 0-0: Foul Ball, location: 9LSF
0-1: Foul Ball, location: 5DF
0-2: Ball
1-2: Grounds into double play, 6-4-3 (Groundball, 6, EV 79.4 MPH)
Top of the 2nd over - 0 runs, 1 hit, 0 errors, 0 left on base; St. Lucie 0 - Charlotte 0
BOTTOM OF THE 2ND
Charlotte Stone Crabs batting - Pitching for St. Lucie Mets : RHP Chris Heining
Batting: RHB Daniel Melendrez 0-0: Ball
1-0: Called Strike
1-1: Foul Ball, location: 7LDF
1-2: Ball
2-2: Strikes out swinging
Batting: RHB Jeff Rock 0-0: Ground out 6-3 (Groundball, 6, EV 84.4 MPH)
Batting: RHB Chad Morris 0-0: Fly out, F9 (Flyball, 89D, EV 101.9 MPH)
Bottom of the 2nd over - 0 runs, 0 hits, 0 errors, 0 left on base; St. Lucie 0 - Charlotte 0
TOP OF THE 3RD
St. Lucie Mets batting - Pitching for Charlotte Stone Crabs : RHP Tim Demaree
Batting: RHB Tom Dixon 0-0: SINGLE (Flyball, 56D, EV 90.6 MPH)
Batting: RHB Luis Medina 0-0: Ground out 5-3 (Groundball, 5S, EV 69.4 MPH)
Tom Dixon to second
Batting: RHB Willie Alfonso 0-0: Foul Ball, location: 2F
0-1: Foul Ball, location: 9LSF
0-2: Ball
1-2: Foul Ball, location: 7LSF
1-2: Ball
2-2: Foul Ball, location: 2F
2-2: Strikes out swinging
Batting: SHB Martin Fornes 0-0: Ball
Wild Pitch!
Tom Dixon to third
1-0: Called Strike
1-1: Ball
2-1: Foul Ball, location: 3F
2-2: Ball
3-2: Ground out U3 (Groundball, 3L, EV 80.0 MPH)
Top of the 3rd over - 0 runs, 1 hit, 0 errors, 1 left on base; St. Lucie 0 - Charlotte 0
BOTTOM OF THE 3RD
Charlotte Stone Crabs batting - Pitching for St. Lucie Mets : RHP Chris Heining
Batting: RHB Jason William 0-0: Called Strike
0-1: Foul Ball, location: 2F
0-2: Ball
1-2: Ground out 6-3 (Groundball, P, EV 89.4 MPH)
Batting: RHB Alex Cooper 0-0: Called Strike
0-1: Ground out 6-3 (Groundball, P, EV 91.3 MPH)
Batting: RHB Zach Frederick 0-0: Called Strike
0-1: Fly out, F5 (Popup, 56S, EV 66.9 MPH)
Bottom of the 3rd over - 0 runs, 0 hits, 0 errors, 0 left on base; St. Lucie 0 - Charlotte 0
TOP OF THE 4TH
St. Lucie Mets batting - Pitching for Charlotte Stone Crabs : RHP Tim Demaree
Batting: LHB Victor Vargas 0-0: Called Strike
0-1: Fly out, F8 (Flyball, 78M, EV 93.8 MPH)
Batting: LHB Josh Wiley 0-0: Ball
1-0: Foul Ball, location: 7LDF
1-1: Called Strike
1-2: Ball
2-2: Strikes out swinging
Batting: RHB Ethan Robinson 0-0: Ground out 6-3 (Groundball, 6, EV 103.1 MPH)
Top of the 4th over - 0 runs, 0 hits, 0 errors, 0 left on base; St. Lucie 0 - Charlotte 0
BOTTOM OF THE 4TH
Charlotte Stone Crabs batting - Pitching for St. Lucie Mets : RHP Chris Heining
Batting: SHB John Christopher 0-0: Ball
1-0: Fly out, F8 (Flyball, 8RD, EV 101.9 MPH)
Batting: RHB Isaiah Qualls 0-0: Ball
1-0: Ball
2-0: Ball
3-0: Base on Balls
Batting: LHB Bryan Souder 0-0: Swinging Strike
0-1: SINGLE (Line Drive, 9S, EV 90.0 MPH)
Isaiah Qualls to second
Batting: RHB Daniel Melendrez 0-0: Called Strike
0-1: Fly out, F8 (Flyball, 8RXD, EV 103.8 MPH)
Runner from 2nd tags up, SAFE at 3rd, no throw by CF
Batting: RHB Jeff Rock 0-0: Ball
1-0: Ball
2-0: Ball
3-0: Base on Balls
Bryan Souder to second
Batting: RHB Chad Morris 0-0: Swinging Strike
0-1: Foul Ball, location: 2F
0-2: Strikes out looking
Bottom of the 4th over - 0 runs, 1 hit, 0 errors, 3 left on base; St. Lucie 0 - Charlotte 0
TOP OF THE 5TH
St. Lucie Mets batting - Pitching for Charlotte Stone Crabs : RHP Tim Demaree
Batting: LHB Jon Chavez 0-0: Swinging Strike
0-1: Ball
1-1: Foul Ball, location: 2F
1-2: Ball
2-2: Strikes out swinging
Batting: RHB Joel Lawrence 0-0: Ball
1-0: Called Strike
1-1: Foul Ball, location: 9LDF
1-2: Strikes out looking
Batting: RHB Tom Dixon 0-0: Ball
1-0: Called Strike
1-1: Called Strike
1-2: Strikes out swinging
Top of the 5th over - 0 runs, 0 hits, 0 errors, 0 left on base; St. Lucie 0 - Charlotte 0
BOTTOM OF THE 5TH
Charlotte Stone Crabs batting - Pitching for St. Lucie Mets : RHP Chris Heining
Batting: RHB Jason William 0-0: Ground out 4-3 (Groundball, 34, EV 108.8 MPH)
Batting: RHB Alex Cooper 0-0: Ball
1-0: SINGLE (Line Drive, 56D, EV 93.8 MPH)
Batting: RHB Zach Frederick 0-0: Swinging Strike
0-1: Ball
Balk!
Alex Cooper to second
1-1: Swinging Strike
1-2: Strikes out swinging
Batting: SHB John Christopher 0-0: Ball
1-0: Swinging Strike
1-1: Called Strike
1-2: Ball
2-2: Ball
3-2: Fly out, F4 (Popup, 13, EV 81.3 MPH)
Bottom of the 5th over - 0 runs, 1 hit, 0 errors, 1 left on base; St. Lucie 0 - Charlotte 0
TOP OF THE 6TH
St. Lucie Mets batting - Pitching for Charlotte Stone Crabs : RHP Tim Demaree
Batting: RHB Luis Medina 0-0: Ball
1-0: SINGLE (Groundball, 34D, EV 103.1 MPH)
Batting: RHB Willie Alfonso 0-0: Swinging Strike
0-1: DOUBLE (Line Drive, 9LM, EV 103.1 MPH)
Luis Medina to third
Batting: SHB Martin Fornes 0-0: Ball
1-0: Ball
2-0: Ball
3-0: Called Strike
3-1: Ground out 3-1 (Groundball, 3, EV 98.1 MPH)
Batting: LHB Victor Vargas 0-0: Called Strike
0-1: SINGLE (Groundball, 6D, EV 98.8 MPH)
Luis Medina scores
Willie Alfonso to third
Runner from 3rd tries for Home, SAFE, throw by CF to home
Victor Vargas to second
Batting: LHB Josh Wiley 0-0: Intentional Walk
Batting: RHB Ethan Robinson 0-0: Called Strike
0-1: SINGLE (Line Drive, 34D, EV 105.0 MPH)
Victor Vargas to third
Josh Wiley to second
Runner from 3rd tries for Home, SAFE, throw by RF to home
Batting: LHB Jon Chavez 0-0: Ball
1-0: Called Strike
1-1: Grounds into double play, 3-6-3 (Groundball, 23, EV 92.5 MPH)
Top of the 6th over - 3 runs, 4 hits, 0 errors, 1 left on base; St. Lucie 3 - Charlotte 0
BOTTOM OF THE 6TH
Charlotte Stone Crabs batting - Pitching for St. Lucie Mets : RHP Chris Heining
Batting: RHB Isaiah Qualls 0-0: Called Strike
0-1: Fly out, F8 (Flyball, 78S, EV 93.1 MPH)
Batting: LHB Bryan Souder 0-0: Foul Ball, location: 2F
0-1: Ball
1-1: Foul Ball, location: 23F
1-2: Strikes out swinging, 2-3 out at first.
Batting: RHB Daniel Melendrez 0-0: Ball
1-0: Ball
2-0: Foul Ball, location: 2F
2-1: Ball
3-1: Fly out, F3 (Popup, 3SF, EV 89.4 MPH)
Bottom of the 6th over - 0 runs, 0 hits, 0 errors, 0 left on base; St. Lucie 3 - Charlotte 0
TOP OF THE 7TH
St. Lucie Mets batting - Pitching for Charlotte Stone Crabs : RHP Tim Demaree
Batting: RHB Joel Lawrence 0-0: Called Strike
0-1: Called Strike
0-2: Foul Ball, location: 23FF
0-2: Ball
1-2: Strikes out swinging
Batting: RHB Tom Dixon 0-0: Ball
1-0: Ball
2-0: Called Strike
2-1: Foul Ball, location: 9LSF
2-2: Ground out 5-3 (Groundball, 56D, EV 103.8 MPH)
Batting: RHB Luis Medina 0-0: Called Strike
0-1: Ball
1-1: Ground out 6-3 (Groundball, 6, EV 86.3 MPH)
Top of the 7th over - 0 runs, 0 hits, 0 errors, 0 left on base; St. Lucie 3 - Charlotte 0
BOTTOM OF THE 7TH
Charlotte Stone Crabs batting - Pitching for St. Lucie Mets : RHP Chris Heining
Batting: RHB Jeff Rock 0-0: Fly out, F9 (Line Drive, 9, EV 95.0 MPH)
Batting: RHB Chad Morris 0-0: Called Strike
0-1: SINGLE (Groundball, 4MD, EV 95.0 MPH)
Batting: RHB Jason William 0-0: Called Strike
0-1: SINGLE (Groundball, 4MD, EV 100.0 MPH)
Chad Morris to second
Runner from 2nd tries for 3rd, SAFE, throw by CF made to third
Batting: RHB Alex Cooper 0-0: Ball
Jason William steals 2nd base
1-0: Foul Ball, location: 3F
1-1: Called Strike
1-2: Ball
2-2: Strikes out swinging
Pinch Hitting: RHB Gabriel Kenny 0-0: Called Strike
0-1: Ball
1-1: Foul Ball, location: 5SF
1-2: 3-RUN HOME RUN (Flyball, 7D, EV 97.5 MPH), Distance : 373 ft
Pitching: RHP Wilfred Colvin
Batting: SHB John Christopher 0-0: DOUBLE (Popup, 6MD, EV 50.0 MPH)
Batting: RHB Isaiah Qualls 0-0: Ball
1-0: Called Strike
1-1: Ground out 6-3 (Groundball, 6, EV 76.9 MPH)
Bottom of the 7th over - 3 runs, 4 hits, 0 errors, 1 left on base; St. Lucie 3 - Charlotte 3
TOP OF THE 8TH
St. Lucie Mets batting - Pitching for Charlotte Stone Crabs : RHP Tim Demaree
Pitching: RHP Willie Portugal
Now at 2B: Alfredo Zapata
Batting: RHB Willie Alfonso 0-0: SINGLE (Line Drive, 78S, EV 91.9 MPH)
Batting: SHB Martin Fornes 0-0: Called Strike
0-1: Ball
1-1: Ground out 4-3 (Groundball, 34D, EV 101.3 MPH)
Willie Alfonso to second
Batting: LHB Victor Vargas 0-0: Fly out, F6 (Line Drive, 6, EV 73.8 MPH)
Lined into DP, 6-4 (Line Drive, 6, EV 73.8 MPH)
Top of the 8th over - 0 runs, 1 hit, 0 errors, 0 left on base; St. Lucie 3 - Charlotte 3
BOTTOM OF THE 8TH
Charlotte Stone Crabs batting - Pitching for St. Lucie Mets : RHP Wilfred Colvin
Batting: LHB Bryan Souder 0-0: Called Strike
0-1: Foul Ball, location: 3F
0-2: Ball
1-2: Ball
2-2: Foul Ball, location: 2F
2-2: Ball
3-2: SINGLE (Line Drive, 8LS, EV 106.3 MPH)
Batting: RHB Daniel Melendrez 0-0: Ball
1-0: Called Strike
1-1: Ball
2-1: Ball
Wild Pitch!
Bryan Souder to second
3-1: Called Strike
3-2: Ground out 6-3 (Groundball, 6S, EV 91.3 MPH)
Bryan Souder to third
Batting: RHB Jeff Rock 0-0: Swinging Strike
0-1: Foul Ball, location: 2F
0-2: Ball
1-2: Foul Ball, location: 7LSFF
1-2: Strikes out looking
Batting: RHB Chad Morris 0-0: Foul Ball, location: 2F
0-1: SINGLE (Groundball, 4MD, EV 96.3 MPH)
Bryan Souder scores
Batting: RHB Jason William 0-0: Fly out, F7 (Line Drive, 7LS, EV 92.5 MPH)
Bottom of the 8th over - 1 run, 2 hits, 0 errors, 1 left on base; St. Lucie 3 - Charlotte 4
TOP OF THE 9TH
St. Lucie Mets batting - Pitching for Charlotte Stone Crabs : RHP Willie Portugal
Now at 1B: Andy Pyszka
Now in LF: Jim Leonhard
Batting: LHB Josh Wiley 0-0: Ball
1-0: Foul Ball, location: 2F
1-1: Called Strike
1-2: Ball
2-2: Foul Ball, location: 2F
2-2: Fly out, F7 (Flyball, 7, EV 83.1 MPH)
Batting: RHB Ethan Robinson 0-0: Called Strike
0-1: Ball
1-1: Ball
2-1: Fly out, F8 (Flyball, 8LS, EV 91.9 MPH)
Batting: LHB Jon Chavez 0-0: Ball
1-0: Called Strike
1-1: Swinging Strike
1-2: Strikes out swinging
Top of the 9th over - 0 runs, 0 hits, 0 errors, 0 left on base; St. Lucie 3 - Charlotte 4
Thursday, May 16th , 2024 - OOTP Baseball 24.11 Build 85